 Dungeon Crawl Stone Soup version 0.23-a0-4-g8f018a2 (webtiles) character file.

1355 Firecrotchwizard the Cudgeler (level 8, -6/44 HPs)
             Began as a Vine Stalker Fighter on Aug 1, 2018.
             Was an Initiate of Makhleb.
             Killed by nerve-wracking pain
             ... invoked by Menkaure
              (12 damage)
             ... on level 6 of the Dungeon.
             The game lasted 00:09:36 (4343 turns).

Firecrotchwizard the Cudgeler (VSFi)                Turns: 4343, Time: 00:09:37

Health: -6/44      AC: 13    Str: 21    XL:     8   Next: 63%
Magic:  0/9        EV:  5    Int:  8    God:    Makhleb [......]
Gold:   219        SH:  9    Dex: 16    Spells: 7/7 levels left

rFire    . . .     SeeInvis .   y - +1 war axe (elec)
rCold    . . .     Gourm    .   c - +0 shield
rNeg     . . .     Faith    .   s - +0 chain mail
rPois    .         Spirit   +   u - +2 helmet
rElec    .         Reflect  .   (no cloak)
rCorr    .         Harm     .   (no gloves)
MR       +....                  r - +0 pair of boots
Stlth    ..........             o - amulet of regeneration {@e1+regen, !d}
HPRegen  0.94/turn              v - +2 ring of dexterity
MPRegen  0.11/turn              (no ring)

@: drained
A: fangs 3, regeneration 1, magic shield, antimagic bite, no potion heal 3, rot
immunity
a: Renounce Religion


You were on level 6 of the Dungeon.
You worshipped Makhleb.
Makhleb was noncommittal.
You were not hungry.

You visited 2 branches of the dungeon, and saw 7 of its levels.

You collected 219 gold pieces.

Inventory:

Hand Weapons
 a - a +0 flail
 q - a +1 mace of holy wrath
   (You took it off an orc on level 3 of the Dungeon)
 y - a +1 war axe of electrocution (weapon)
   (You took it off an orc priest on level 4 of the Dungeon)
Armour
 b - a +0 scale mail
 c - a +0 shield (worn)
 j - a +0 helmet
   (You found it on level 1 of the Dungeon)
 r - a +0 pair of boots (worn)
   (You found it on level 3 of the Dungeon)
 s - a +0 chain mail (worn)
   (You found it on level 5 of the Dungeon)
 u - a +2 helmet (worn)
   (You took it off Robin on level 3 of the Dungeon)
Jewellery
 o - an amulet of regeneration (around neck) {@e1+regen, !d}
   (You found it on level 2 of the Dungeon)
 v - a +2 ring of dexterity (left hand)
   (You found it on level 4 of the Dungeon)
 w - an uncursed amulet of faith {unknown}
   (You found it on level 4 of the Dungeon)
Wands
 C - a wand of iceblast (8)
   (You found it on level 5 of the Dungeon)
Scrolls
 g - a scroll of magic mapping {!r}
 h - 8 scrolls of identify
 l - 6 scrolls of teleportation
 m - 2 scrolls of remove curse
 n - a scroll of fear
Potions
 d - a potion of might
 i - 2 potions of lignification {unknown}
 k - 5 potions of curing {unknown}
 p - a potion of degeneration {unknown}
 x - a potion of cancellation {unknown}
 z - a potion of flight {unknown}
 E - 2 potions of berserk rage {unknown}
Comestibles
 f - 14 rations {@e1}
 B - 4 chunks of flesh {@w0}


   Skills:
 + Level 5.4(5.2) Fighting
 * Level 6.9(6.7) Maces & Flails
 - Level 2.4(2.2) Armour
 - Level 2.6(2.5) Shields
 - Level 4.8(4.6) Unarmed Combat


You had 7 spell levels left.
You didn't know any spells.
Your spell library was empty.

Dungeon Overview and Level Annotations

Branches:
Dungeon (6/15)             Temple (1/1) D:4

Altars:
Ashenzari
Cheibriados
Elyvilon
Fedhas
Gozag
Hepliaklqana
Kikubaaqudgha
Makhleb
Okawaru
Qazlal
Ru
Trog
Uskayaw
Vehumet
Wu Jian
Yredelemnul
Zin
The Shining One

Shops:
D:5 [   D:6 (

Annotations:
D:3 1 exclusion
D:4 1 runed door, xzight's ghost, amateur MiBe
D:6 Menkaure


Innate Abilities, Weirdness & Mutations

You have razor-sharp teeth.
Your natural rate of healing is unusually fast.
When hurt, damage is shared between your health and your magic reserves.
Your bite disrupts and absorbs the magic of your enemies.
Potions cannot restore your health.
You are immune to rotting.


Message History

You closely miss the wight. You bite the wight, but do no damage.
The wight completely misses you.
You slash the wight!
You destroy the wight!
Makhleb accepts your kill.
You regained 2 hp, and now have 42/43 hp.
No target in view!
No target in view!
No target in view!
You are feeling hungry.
Items here: )) [[ a long sword of freezing; a robe; a mace; a robe; Health restored: 43 Autoeating chunks.
Eating one of 5 chunks of flesh {@w0}.
You eat one of the 5 chunks of flesh {@w0}.
A wight comes into view. It is wielding an antimagic scimitar.
Things that are here:
a war axe; a robe A wight is nearby!
A wight comes into view. It is wielding a halberd.
You hit the wight but do no damage. Lightning courses through the wight!
You bite the wight. You drain its power.
The wight hits you with an antimagic scimitar.
You feel your power leaking away.
You take 4 damage, and have 39/43 hp.
You now have 7/9 mp.
You slash the wight!
You destroy the wight!
Makhleb accepts your kill.
The wight hits you from afar with a halberd.
You feel drained.
Things that are here:
an antimagic scimitar; a robe You take 2 damage, and have 38/43 hp.
The wight hits you but does no damage.
You closely miss the wight. You bite the wight. You drain its power.
You feel invigorated. The wight hits you but does no damage.
MP restored: 9 You barely miss the wight.
Your bite misses the wight. The wight completely misses you.
You regained 2 hp, and now have 42/43 hp.
You closely miss the wight. The wight hits you but does no damage.
The wight hits you with a halberd.
You take 4 damage, and have 38/43 hp.
You now have 8/9 mp.
You closely miss the wight. You bite the wight, but do no damage.
You block the wight's attack.
You hit the wight. You bite the wight. You drain its power.
You feel invigorated. The wight barely misses you.
You regained 2 hp, and now have 41/43 hp.
MP restored: 9 You slash the wight!
You destroy the wight!
Makhleb accepts your kill.
You regained 2 hp, and now have 43/44 hp.
No target in view!
Things that are here:
a halberd; a robe; Health restored: 44 You now have 219 gold pieces (gained 9).
Menkaure, Prince of Dust comes into view.
No target in view!
Menkaure calls on the powers of darkness!
Your body is wracked with pain!
You take 18 damage, and have 26/44 hp.
MASSIVE DAMAGE!!
You now have 6/9 mp.
You barely miss Menkaure. Your bite misses Menkaure.
Menkaure casts a spell at you. You resist with significant effort.
Menkaure mumbles some strange words.
Menkaure seems to speed up.
You hit Menkaure.
Menkaure gestures at you while chanting.
Pain shoots through your body!
You take 1 damage, and have 27/44 hp.
Your shield and chain mail prevent you from hitting Menkaure.
You bite Menkaure.
Menkaure's magic leaks into the air.
You drain his magic.
You feel invigorated. You block Menkaure's attack.
Menkaure completely misses you.
MP restored: 9 You hit Menkaure but do no damage.
Menkaure falters for a moment.
You slash Menkaure!
Menkaure calls on the powers of darkness!
Your body is wracked with pain!
Menkaure closely misses you.
You take 10 damage, and have 19/44 hp.
MASSIVE DAMAGE!!
You now have 6/9 mp.
You slash Menkaure! Menkaure hits you!
* * * LOW HITPOINT WARNING * * *
Menkaure hits you!
* * * LOW HITPOINT WARNING * * *
You take 15 damage, and have 4/44 hp.
MASSIVE DAMAGE!!
You now have 1/9 mp.
You completely miss Menkaure. Your bite misses Menkaure.
Menkaure gestures at you while chanting.
You resist with significant effort.
Your shield and chain mail prevent you from hitting Menkaure.
Menkaure points at you and mumbles some strange words.
Pain shoots through your body!
You die...

.#####.### *,,,,*,*≈≈,,≈,, .#
#.###### *#.#,,*,*≈,≈≈,,, .#
#......# *..#,,*,*≈≈,≈,,, .#
######.# *#..#,,*,**≈,,≈,, .#*
#.# *...#****,******* ..** ###.#
##...# ****≈≈≈≈,,, ,,,** ##.#)#
#...#***,,********
,,,,####...)####M..###..,****,,,,
,,,,+...........@.......,,,,',,,,
,,,,####....#.##..####..,****,,,,
,,,** ##..)#.#...# ***,,*****,,,
,,** ##..#.#.#.# *,,,,,,,,**,,
,** #.)#.#...# *,**,***,**,, **
#..#.#..## *,**,***,**,* *
#....#..# *,**,,**,**,* *
##.##...# *,***,**,**,, *******
#.##...# *,* *,**,**,*


You could see Menkaure.

Vanquished Creatures
  Eustachio (D:4)
  4 ogres
  A centaur (D:5)
  Blork the orc (D:6)
  A water moccasin skeleton (D:4)
  5 wights (D:6)
  A bullfrog zombie (D:5)
  4 orc priests
  Jessica (D:3)
  3 orc wizards
  3 worker ants
  Robin (D:3)
  5 adders
  An adder zombie (D:6)
  2 adder skeletons
  2 worms
  A dart slug (D:2)
  2 leopard geckos
  16 orcs
  4 giant cockroaches
  22 goblins
  7 hobgoblins
  5 kobolds
  2 quokkas
  A ball python (D:2)
  10 bats
  3 frilled lizards
  A jackal skeleton (D:5)
  A quokka skeleton (D:5)
  6 rats
117 creatures vanquished.

Notes
Turn   | Place    | Note
-------+----------+-------------------------------------------
     0 | D:1      | Firecrotchwizard the Vine Stalker Fighter began the quest for the Orb.
     0 | D:1      | Reached XP level 1. HP: 11/11 MP: 2/2
   126 | D:1      | Reached skill level 2 in Maces & Flails
   313 | D:1      | Reached XP level 2. HP: 16/16 MP: 3/3
   538 | D:1      | Reached skill level 3 in Fighting
   926 | D:2      | Reached XP level 3. HP: 20/20 MP: 4/4
   981 | D:2      | Found a shattered altar of Ashenzari.
  1216 | D:2      | Found a basalt altar of Yredelemnul.
  1344 | D:2      | Found a blossoming altar of Fedhas.
  1359 | D:2      | Reached skill level 3 in Maces & Flails
  1568 | D:3      | Noticed Jessica
  1575 | D:3      | Killed Jessica
  1575 | D:3      | Gained mutation: Your natural rate of healing is unusually fast. [Vine Stalker growth]
  1575 | D:3      | Reached XP level 4. HP: 18/24 MP: 5/5
  1647 | D:3      | Noticed Robin
  1815 | D:3      | Found a faded altar of an unknown god.
  1882 | D:3      | Reached XP level 5. HP: 26/28 MP: 6/6
  1946 | D:3      | Killed Robin
  1946 | D:3      | Reached skill level 4 in Maces & Flails
  2328 | D:3      | Reached skill level 4 in Fighting
  2447 | D:3      | Reached XP level 6. HP: 33/33 MP: 7/7
  2569 | D:4      | Reached skill level 1 in Unarmed Combat
  2583 | D:4      | Found a snail-covered altar of Cheibriados.
  2600 | D:4      | Reached skill level 2 in Unarmed Combat
  2613 | D:4      | HP: 8/33 [orc priest/nerve-wracking pain (1)]
  2721 | D:4      | Noticed Eustachio
  2731 | D:4      | Killed Eustachio
  2731 | D:4      | Reached skill level 4 in Unarmed Combat
  2731 | D:4      | Reached XP level 7. HP: 25/37 MP: 5/8
  2917 | D:4      | Found a staircase to the Ecumenical Temple.
  2932 | Temple   | Entered the Ecumenical Temple
  3032 | Temple   | Became a worshipper of Makhleb the Destroyer
  3134 | D:4      | Found a blossoming altar of Fedhas.
  3187 | D:4      | Found a runed door.
  3188 | D:4      | Noticed xzight's ghost (amateur MiBe)
  3293 | D:5      | Entered Level 5 of the Dungeon
  3448 | D:5      | Reached skill level 5 in Maces & Flails
  3845 | D:5      | Found Ebit's Armour Shoppe.
  3980 | D:5      | Gained mutation: You have razor-sharp teeth. [Vine Stalker growth]
  3980 | D:5      | Reached XP level 8. HP: 37/42 MP: 9/9
  4166 | D:6      | Reached skill level 6 in Maces & Flails
  4176 | D:6      | Found Voplyop's Weapon Shoppe.
  4215 | D:6      | Reached skill level 5 in Fighting
  4231 | D:6      | Noticed Blork the orc
  4242 | D:6      | Killed Blork the orc
  4330 | D:6      | Noticed Menkaure
  4341 | D:6      | HP: 4/44 [Menkaure (9)]
  4343 | D:6      | Killed from afar by Menkaure

Vault maps used:
D:1:      arrival_zaba_pyramid, minmay_pentomino_x2
D:2:      lemuel_doored_altar, yredelemnul_altar_generic,
          evilmike_ruin_ashenzari
D:3:      chequers_ecumenical_altar_island, uniq_jessica, uniq_robin
D:4:      overflow_temple_1_default, minmay_temple_entry_crystal_x,
          ebering_ghost_reflecting_pool, first_ration, fedhas_altar_fruit_tree,
          uniq_eustachio
D:5:      serial_shops, nicolae_shop_window_shopping
D:6:      cheibrodos_two_vegetables, nicolae_dithmenos_through_a_glass_darkly,
          serial_shops, shop, kennysheep_windowed_goal, uniq_menkaure,
          uniq_blork_the_orc
Temple:   nicolae_temple_great_sept

Skill      XL: |  1  2  3  4  5  6  7  8 |
---------------+-------------------------+-----
Maces & Flails | 2 3 4 5 6 |  6.9
Fighting       | 3 4 5 |  5.4
Unarmed Combat | 4 |  4.8
Armour         | |  2.4
Shields        | |  2.6

Action                   |  1- 3 |  4- 6 |  7- 9 || total
-------------------------+-------+-------+-------++-------
Melee: Flail             |   103 |    88 |    29 ||   220
       Bite              |    21 |    43 |    34 ||    98
       Mace              |       |    84 |       ||    84
       War axe           |       |       |    81 ||    81
  Use: Scroll            |       |     4 |     6 ||    10
  Eat: Chunk             |     2 |     4 |     6 ||    12
Armor: Scale mail        |    50 |   123 |    12 ||   185
       Chain mail        |       |       |    14 ||    14
Dodge: Dodged            |    26 |    64 |    33 ||   123
Block: Shield            |    60 |   110 |    42 ||   212

Table legend:
 A = Spawn XP
 B = Non-spawn XP
 C = Spawn XP percentage of total XP
 D = Spawn monster count
 E = Non-spawn monster count
 F = Spawn count percentage of total count
 G = Total turns spent on level
                    A         B        C        D         E        F      G
               +---------+---------+-------+---------+---------+-------+---------
         Total |       0 |    1937 |   0.0 |       0 |     117 |   0.0 |  4343
               +---------+---------+-------+---------+---------+-------+---------
           D:1 |       0 |      26 |   0.0 |       0 |      17 |   0.0 |   789
           D:2 |       0 |      30 |   0.0 |       0 |      17 |   0.0 |   766
           D:3 |       0 |     264 |   0.0 |       0 |      42 |   0.0 |   997
           D:4 |       0 |     504 |   0.0 |       0 |      17 |   0.0 |   628
           D:5 |       0 |     479 |   0.0 |       0 |      13 |   0.0 |   858
           D:6 |       0 |     634 |   0.0 |       0 |      11 |   0.0 |   192
               +---------+---------+-------+---------+---------+-------+---------

Vault maps used:
D:1:      arrival_zaba_pyramid, minmay_pentomino_x2
D:2:      lemuel_doored_altar, yredelemnul_altar_generic,
          evilmike_ruin_ashenzari
D:3:      chequers_ecumenical_altar_island, uniq_jessica, uniq_robin
D:4:      overflow_temple_1_default, minmay_temple_entry_crystal_x,
          ebering_ghost_reflecting_pool, first_ration, fedhas_altar_fruit_tree,
          uniq_eustachio
D:5:      serial_shops, nicolae_shop_window_shopping
D:6:      cheibrodos_two_vegetables, nicolae_dithmenos_through_a_glass_darkly,
          serial_shops, shop, kennysheep_windowed_goal, uniq_menkaure,
          uniq_blork_the_orc
Temple:   nicolae_temple_great_sept

Table legend:
 A = Turns spent in this place as a percentage of turns spent in the entire game.
 B = Non-inter-level travel turns spent in this place as a percentage of non-inter-level travel turns spent in the entire game.
 C = Inter-level travel turns spent in this place as a percentage of turns spent in this place.
 D = Turns resting spent in this place as a percentage of non-inter-level travel turns spent in this place.
 E = Turns spent auto-exploring this place as a percentage of non-inter-level travel turns spent in this place.
 F = Non-inter-level travel turns spent in this place divided by the number of levels of this place that you've seen.
                   A       B       C       D       E      F
               +-------+-------+-------+-------+-------+----------------------
         Total | 100.0 | 100.0 |   4.0 |   9.5 |  68.9 | 595.6
       Dungeon |  97.4 |  97.6 |   3.8 |   9.7 |  68.9 | 678.0
        Temple |   2.6 |   2.4 |  10.6 |   0.0 |  68.3 | 101.0
               +-------+-------+-------+-------+-------+----------------------

Table legend:
 A = Kills in this place as a percentage of kills in entire the game.
 B = Kills by you in this place as a percentage of kills by you in the entire game.
 C = Kills by friends in this place as a percentage of kills by friends in the entire game.
 D = Other kills in this place as a percentage of other kills in the entire game.
 E = Experience gained in this place as a percentage of experience gained in the entire game.
 F = Experience gained in this place divided by the number of levels of this place that you have seen.
                   A       B       C       D       E      F
               +-------+-------+-------+-------+-------+----------------------
         Total | 100.0 | 100.0 |   N/A |   N/A | 100.0 | 276.7
       Dungeon | 100.0 | 100.0 |   N/A |   N/A | 100.0 | 322.8
               +-------+-------+-------+-------+-------+----------------------
